 Dungeon Crawl Stone Soup version 0.27-a0-423-gf312af23e9 (webtiles) character file.

Game seed: 1649734079522453322

67 Dordric the Ruffian (level 4, -1/38 HPs)
             Began as a Ghoul Monk on Feb 26, 2021.
             Slain by a centaur (2 damage)
             ... on level 2 of the Dungeon.
             The game lasted 00:01:44 (1399 turns).

Dordric the Ruffian (Ghoul Monk)                    Turns: 1399, Time: 00:01:44

Health: -1/38      AC:  2    Str: 14    XL:     4   Next: 18%
Magic:  3/3        EV:  7    Int:  5    God:
Gold:   56         SH: 10    Dex: 12    Spells: 3/3 levels left

rFire    . . .     SeeInvis .     - Unarmed
rCold    + . .     Faith    .   d - +0 tower shield
rNeg     + + +     Spirit   .   a - +0 robe
rPois    ∞         Reflect  .   (no helmet)
rElec    .         Harm     .   (no cloak)
rCorr    .         Rampage  .   (no gloves)
Will     .....                  (no boots)
Stlth    ++........             (no amulet)
HPRegen  0.00/turn              (no ring)
MPRegen  0.08/turn              (no ring)

@: no status effects
A: claws 1, cold resistance 1, negative energy resistance 3, inhibited
regeneration, torment resistance, unbreathing
a: no special abilities


You were on level 2 of the Dungeon.
You visited 1 branch of the dungeon, and saw 2 of its levels.

You collected 56 gold pieces.

Inventory:

Armour
 a - a +0 robe (worn)
 d - a +0 tower shield (worn)
Wands
 c - a wand of random effects (18)
Scrolls
 b - a scroll of identify {unknown}
 e - a scroll of amnesia {unknown}
 f - a scroll of teleportation {unknown}
 h - a scroll of enchant armour {unknown}
Potions
 g - a potion of brilliance {unknown}


   Skills:
 - Level 3.2 Fighting
 - Level 2.6 Dodging
 - Level 2.1 Stealth
 + Level 5.4 Unarmed Combat


You had 3 spell levels left.
You didn't know any spells.
Your spell library was empty.

Dungeon Overview and Level Annotations

Branches:
Dungeon (2/15)

Altars:


Innate Abilities, Weirdness & Mutations

You thrive by killing the living.
You are immune to poison.
You have sharp fingernails.
Your flesh is cold resistant. (rC+)
You are immune to negative energy. (rN+++)
You do not regenerate when monsters are visible.
You are immune to unholy pain and torment.
You can survive without breathing.


Message History

You claw the frilled lizard!
You kill the frilled lizard!
No target in view!
No target in view!
No target in view!
No target in view!
Things that are here:
a frilled lizard corpse; a giant cockroach corpse
Things that are here:
a frilled lizard corpse; a giant cockroach corpse A centaur comes into view.
A rat comes into view.
The centaur shouts!
The centaur wields a +1 vorpal shortbow.
The centaur shoots an arrow.
The arrow hits you!
The centaur unwields a +1 vorpal shortbow.
The centaur hits you.
You claw the centaur!
The centaur is heavily wounded.
The centaur hits you. You block the rat's attack. The centaur hits you.
You are too injured to fight recklessly!
You are too injured to fight recklessly!
You are too injured to fight recklessly!
You are too injured to fight recklessly!
You scratch the centaur.
The centaur is severely wounded.
The centaur barely misses you. The rat bites you. The centaur hits you.
* * * LOW HITPOINT WARNING * * *
The rat bites you.
* * * LOW HITPOINT WARNING * * *
You block the centaur's attack.
You scratch the centaur.
The centaur is severely wounded.
You block the centaur's attack. You block the rat's attack.
The centaur hits you!
* * * LOW HITPOINT WARNING * * *
You barely miss the centaur.
The centaur is severely wounded.
The centaur hits you.
You die...

#.......#
#######.######
#.##...#
#.##...#
#.##...#
#.##...#
#.#<...#
#####.##...#
#..r@.####.#
#..c..# .#
#....?# .#
#####.# .# #.#
.# #.# .# #.#
.#


You could see a centaur and a rat.

Vanquished Creatures
  An adder (D:2)
  A worm (D:2)
  2 dart slugs
  2 leopard geckos
  4 bats
  4 giant cockroaches
  4 goblins (D:1)
  6 hobgoblins
  3 jackals (D:1)
  3 frilled lizards
  13 kobolds
  5 rats
48 creatures vanquished.

Notes
Turn   | Place    | Note
-------+----------+-------------------------------------------
     0 | D:1      | Dordric the Ghoul Monk began the quest for the Orb.
     0 | D:1      | Reached XP level 1. HP: 19/19 MP: 0/0
   129 | D:1      | Reached XP level 2. HP: 15/26 MP: 1/1
   220 | D:1      | Reached skill level 4 in Unarmed Combat
   487 | D:1      | Reached XP level 3. HP: 31/31 MP: 2/2
   900 | D:1      | You fall into a shaft and drop 1 floor!
  1095 | D:2      | Reached skill level 5 in Unarmed Combat
  1313 | D:2      | Reached XP level 4. HP: 38/38 MP: 3/3
  1393 | D:2      | Noticed a centaur
  1398 | D:2      | HP: 1/38 [centaur (8)]
  1399 | D:2      | Slain by a centaur

Illustrated notes

Levels and vault maps discovered:
D:1:      saegor_arrival_miasma, layout_basic, hangedman_decor_riveting
D:2:      layout_basic

Skill      XL: |  1  2  3 |
---------------+----------+-----
Unarmed Combat | 4 5 |  5.4
Fighting       | |  3.2
Dodging        | |  2.6
Stealth        | |  2.1

Action                   |  1- 3 |  4- 6 || total
-------------------------+-------+-------++-------
Melee: Unarmed           |    93 |    22 ||   115
       Punch             |     1 |       ||     1
       Dagger            |    20 |       ||    20
 Stab: Sleeping          |     1 |       ||     1
Armor: Robe              |    27 |     2 ||    29
Dodge: Dodged            |    46 |     7 ||    53
Block: Tower shield      |    79 |    11 ||    90

Table legend: (Time is in decaauts)
 A = Elapsed time spent in this place.
 B = Non-inter-level travel time spent in this place.
 C = Inter-level travel time spent in this place.
 D = Time resting spent in this place.
 E = Time spent auto-exploring this place.
 F = Levels seen in this place.
 G = Mean time per level.
                   A        B        C        D        E       F      G
               +--------+--------+--------+--------+--------+-----+--------+
         Total |   1446 |   1431 |     15 |    402 |    691 |   2 |  723.0 |
       Dungeon |   1446 |   1431 |     15 |    402 |    691 |   2 |  723.0 |
               +--------+--------+--------+--------+--------+-----+--------+

Top non-repeatable levels by time:
     D:1: 1076 daAuts
     D:2: 370 daAuts
